Description

+Added correct times

Build Order

Get SALT Encoding   

  13  0:00  Drone  
  13  0:15  Overlord  
  14  0:18  Drone  
  13  0:25  Extractor, Drone  
  15  0:32  Drone  
  16  0:36  Drone  
  17  0:46  Drone  
  16  1:00  Hatchery  start moving a Drone @ 0:50
  17  1:04  Drone  
  18  1:12  Drone  move 3 Drones to Gas @ 1:15
  17  1:22  Spawning Pool  
  18  1:24  Drone  
  19  1:30  Drone  
  19  1:40  Overlord  
  19  1:50  Overlord  
  19  2:10  Metabolic Boost  as soon as Spawning Pool finishes
  21  2:11  Queen  Main Base
  26  2:12  Zergling x5  2:12 3x Zerglings, @2:25 2 more
  26  2:30  Baneling Nest  
Spawning Tool Build Advisor. Get it on Overwolf

Go to:

Details

  • Created by: nuberz
  • Published on: Apr 29, 2018
  • Modified on: Apr 29, 2018
  • Patch: 4.0.0
Show
View Real Time Build Order
Export as new Build Order

Comments (0)

There are no comments. Be the first!

Create an account to comment!